 Dungeon Crawl Stone Soup version 0.30-a0-458-g86641cc369 (webtiles) character file.

Game seed: 16128912677453394370

198 Mitcholas the Chopper (level 5, -2/45 HPs)
             Began as a Hill Orc Fighter on Dec 14, 2022.
             Slain by an orc
             ... wielding a +0 trident
              (8 damage)
             ... on level 4 of the Dungeon.
             The game lasted 00:08:27 (2424 turns).

Mitcholas the Chopper (Hill Orc Fighter)            Turns: 2424, Time: 00:08:28

Health: -2/45      AC:  9    Str: 21    XL:     5   Next: 76%
Magic:  5/5        EV:  7    Int:  8    God:
Gold:   121        SH:  4    Dex: 10    Spells: 4/4 levels left

rFire   . . .      SeeInvis .    a - +0 war axe
rCold   . . .      Faith    .    c - +0 buckler
rNeg    . . .      Spirit   .    v - +0 chain mail
rPois   .          Reflect  .    (no helmet)
rElec   .          Harm     .    (no cloak)
rCorr   .          Rampage  .    (no gloves)
Will    .....                    (no boots)
Stlth   ..........               (no amulet)
HPRegen 0.27/turn                (no ring)
MPRegen 0.09/turn                (no ring)

@: no status effects
A: no striking features
a: no special abilities


You were on level 4 of the Dungeon.
You visited 1 branch of the dungeon, and saw 4 of its levels.

You collected 121 gold pieces.

Inventory:

Hand Weapons
 a - a +0 war axe (weapon)
Armour
 c - a +0 buckler (worn)
 v - a +0 chain mail (worn)
Scrolls
 e - 2 scrolls of teleportation {unknown}
 f - a scroll of butterflies {unknown}
 g - a scroll of fear {unknown}
 h - a scroll of blinking {unknown}
 i - a scroll of silence {unknown}
 j - a scroll of enchant weapon {unknown}
 l - 2 scrolls of amnesia {unknown}
 n - a scroll of noise {unknown}
 r - 3 scrolls of magic mapping {unknown}
 u - a scroll of vulnerability {unknown}
Potions
 b - a potion of berserk rage {unknown}
 d - a potion of might
 k - 4 potions of curing
 m - a potion of degeneration
 o - a potion of attraction {unknown}
 p - a potion of resistance {unknown}
 q - 4 potions of heal wounds
 s - a potion of magic
 t - a potion of mutation


   Skills:
 - Level 3.6 Fighting
 * Level 7.7 Axes
 - Level 3.2 Armour
 - Level 3.2 Shields


You had 4 spell levels left.
You didn't know any spells.
Your spell library was empty.

Dungeon Overview and Level Annotations

Branches:
Dungeon (4/15)
 Temple: D:4-7

Altars:
Qazlal


Message History

An orc priest is nearby!
The orc priest invokes the aid of Beogh against you.
Pain shoots through your body!
The orc priest hits you with a +0 falchion.
Things that are here:
a +0 short sword; a +0 leather armour You slash the orc priest!
The orc priest shouts, "Surrender to Beogh and we'll let you live!"
The orc priest is almost dead.
You block the orc priest's attack.
You barely miss the orc priest.
The orc priest is almost dead.
The orc priest hits you but does no damage.
You barely miss the orc priest.
The orc priest is almost dead.
The orc priest mumbles some strange prayers to Beogh against you.
Pain shoots through your body!
The orc priest hits you with a +0 falchion.
You closely miss the orc priest.
The orc priest is almost dead.
The orc priest threatens, "By the altar or by the axe, you will meet Beogh!"
The orc priest hits you with a +0 falchion.
* * * LOW HITPOINT WARNING * * *
You closely miss the orc priest.
The orc priest is almost dead.
The orc priest invokes the aid of Beogh against you.
Beogh smites you!
* * * LOW HITPOINT WARNING * * *
You hit the orc priest.
You kill the orc priest!
You see here a +0 falchion.
An orc comes into view. It is wielding a +0 trident.
The orc shouts!
You start resting.
An orc is nearby!
The orc hits you but does no damage.
You hit the orc.
The orc is heavily wounded.
The orc hits you with a +0 trident!
You die...

#......# #.####.#
#.# ##.#
#.###..#############
#.##.#.......##.....
#.###..#####.##.....
#.# #..# #.#...###
#.###..# #........
#..@o..# ###...##.
#####.## ##<.###
#.#########.....
#).).....##.....
#o######.##+####
#....# #.##.# #.##.#
#............


You could see an orc.

Vanquished Creatures
  2 orc priests (D:4)
  Terence (D:3)
  5 adders
  A worm (D:2)
  2 dart slugs
  An orc (D:4)
  7 endoplasms
  A giant cockroach (D:2)
  6 goblins
  12 hobgoblins
  A kobold (D:2)
  3 quokkas
  7 ball pythons
  4 bats (D:1)
  2 frilled lizards
  7 rats
62 creatures vanquished.

Notes
Turn   | Place    | Note
-------+----------+-------------------------------------------
     0 | D:1      | Mitcholas the Hill Orc Fighter began the quest for the Orb.
     0 | D:1      | Reached XP level 1. HP: 19/19 MP: 1/1
    23 | D:1      | Reached skill level 3 in Axes
    91 | D:1      | Reached XP level 2. HP: 25/26 MP: 2/2
   159 | D:1      | Reached skill level 4 in Axes
   298 | D:1      | Reached XP level 3. HP: 31/31 MP: 3/3
   387 | D:1      | Found a faded altar of an unknown god.
   610 | D:2      | Reached skill level 5 in Axes
   667 | D:2      | Found a stormy altar of Qazlal.
   855 | D:2      | Reached XP level 4. HP: 21/39 MP: 4/4
  1265 | D:2      | Reached skill level 6 in Axes
  1853 | D:3      | Noticed Terence
  1868 | D:3      | Killed Terence
  1869 | D:3      | Reached XP level 5. HP: 42/45 MP: 5/5
  2163 | D:4      | Reached skill level 7 in Axes
  2424 | D:4      | Slain by an orc

Illustrated notes

Levels and vault maps discovered:
D:1:      minmay_arrival_radiant_lines, layout_rooms,
          hellmonk_ecumenical_altar_heavens_door, kennysheep_decorative_pillar
D:2:      layout_basic, basic_altar, grunt_ministairs_8,
          kennysheep_generic_room_11
D:3:      layout_basic, kennysheep_donut, uniq_terence
D:4:      layout_loops_corners, mainiacjoe_overflow_alcove_1,
          minmay_temple_entry_mini_moons, item_on_display_a

Skill      XL: |  1  2  3  4  5 |
---------------+----------------+-----
Axes           | 3 4 5 6 7 |  7.7
Fighting       | |  3.6
Armour         | |  3.2
Shields        | |  3.2

Action                   |  1- 3 |  4- 6 || total
-------------------------+-------+-------++-------
Melee: War axe           |   115 |    85 ||   200
  Use: Scroll            |       |     5 ||     5
Armor: Scale mail        |    54 |    18 ||    72
       Chain mail        |       |     6 ||     6
Dodge: Dodged            |    49 |    20 ||    69
Block: Buckler           |    30 |    19 ||    49

Table legend: (Time is in decaauts)
 A = Elapsed time spent in this place.
 B = Non-inter-level travel time spent in this place.
 C = Inter-level travel time spent in this place.
 D = Time resting spent in this place.
 E = Time spent auto-exploring this place.
 F = Levels seen in this place.
 G = Mean time per level.
                   A        B        C        D        E       F      G
               +--------+--------+--------+--------+--------+-----+--------+
         Total |   2478 |   2425 |     53 |    181 |   1542 |   4 |  619.5 |
       Dungeon |   2478 |   2425 |     53 |    181 |   1542 |   4 |  619.5 |
               +--------+--------+--------+--------+--------+-----+--------+

Top non-repeatable levels by time:
     D:2: 869 daAuts
     D:1: 633 daAuts
     D:3: 626 daAuts
     D:4: 348 daAuts
